 Dungeon Crawl Stone Soup version 0.18.1-5-g4a78601 (webtiles) character file.

814 Geppetto the Conjurer (level 7, -6/40 HPs)
             Began as a Tengu Fire Elementalist on May 13, 2016.
             Mangled by an ogre
             ... wielding a cursed -1 giant club
              (18 damage)
             ... on level 5 of the Dungeon.
             The game lasted 00:43:18 (5578 turns).

Geppetto the Conjurer (Tengu Fire Elementalist)     Turns: 5578, Time: 00:43:19

Health: -6/40      AC: 10    Str: 11    XL:     7   Next: 93%
Magic:  15/15      EV: 13    Int: 18    God:
Gold:   294        SH:  0    Dex: 21    Spells: 3 memorised, 10 levels left

rFire  . . .     SeeInvis .     B - +0 quarterstaff (protect)
rCold  . . .     Gourm    .     v - +1 robe "Wefuul" {Dex+3}
rNeg   . . .     Faith    .     (shield currently unavailable)
rPois  .         Spirit   .     (helmet restricted)
rElec  .         Dismiss  .     i - +1 cloak
rCorr  .         Reflect  .     (no gloves)
SustAt .         Harm     .     (boots unavailable)
MR     ++...                    (no amulet)
Stlth  ++........               (no ring)
                                y - ring of Hemunaqo {MR++ Str+3 Dex+4}

@: very resistant to hostile enchantments, unstealthy
A: beak, talons 3, able to fly 1
a: Fly


You were on level 5 of the Dungeon.
You were not hungry.

You visited 1 branch of the dungeon, and saw 5 of its levels.

You collected 294 gold pieces.

Inventory:

Hand Weapons
 e - a +0 spear
 r - a +2 whip of freezing
 A - a +1 whip of electrocution
 B - a +0 quarterstaff of protection (weapon)
Missiles
 m - 2 poisoned tomahawks (quivered)
Armour
 i - a +1 cloak (worn)
 s - a troll hide
 v - the +1 robe "Wefuul" (worn) {Dex+3}
   (You found it on level 4 of the Dungeon)

   It affects your dexterity (+3).
Jewellery
 y - a ring of Hemunaqo (left hand) {MR++ Str+3 Dex+4}
   (You found it on level 4 of the Dungeon)

   [ring of strength]

   It affects your strength (+3).
   It affects your dexterity (+4).
   It affects your resistance to hostile enchantments.
Wands
 a - a wand of polymorph (12/24)
 p - a wand of confusion (19/48)
 q - a wand of disintegration (2/24)
Scrolls
 d - a scroll of fear
 f - 3 scrolls of remove curse
 g - a scroll of identify {unknown}
 k - 2 scrolls of magic mapping
Potions
 h - a potion of heal wounds {unknown}
 l - 4 potions of degeneration {unknown}
 n - a potion of mutation {unknown}
 o - 2 potions of magic {unknown}
 t - a potion of curing {unknown}
 w - a potion of berserk rage {unknown}
Books
 b - a book of Flames

   Spells                             Type                      Level
   a - Flame Tongue                   Conjuration/Fire             1
   b - Throw Flame                    Conjuration/Fire             2
   c - Conjure Flame                  Conjuration/Fire             3
   d - Inner Flame                    Hexes/Fire                   3
   e - Sticky Flame                   Conjuration/Fire             4
   f - Fireball                       Conjuration/Fire             5
 j - a book of Burglary

   Spells                             Type                      Level
   a - Swiftness                      Charms/Air                   2
   b - Passwall                       Transmutation/Earth          2
   c - Passage of Golubria            Translocation                4
   d - Lee's Rapid Deconstruction     Earth                        5
   e - Darkness                       Hexes                        6
   f - Invisibility                   Hexes                        6
 u - a book of Necromancy

   Spells                             Type                      Level
   a - Pain                           Necromancy                   1
   b - Animate Skeleton               Necromancy                   1
   c - Vampiric Draining              Necromancy                   3
   d - Regeneration                   Charms/Necromancy            3
   e - Animate Dead                   Necromancy                   4
   f - Control Undead                 Necromancy                   4
 C - Sif Muna's Tome of the Birds and Clay
   (You found it on level 5 of the Dungeon)

   Spells                             Type                      Level
   a - Shock                          Conjuration/Air              1
   b - Repel Missiles                 Charms/Air                   2
   c - Passwall                       Transmutation/Earth          2
   d - Iron Shot                      Conjuration/Earth            6
Comestibles
 c - 4 bread rations
 x - 3 meat rations
 z - 2 chunks of flesh


   Skills:
 - Level 2.0 Fighting
 - Level 2.1 Dodging
 - Level 2.0 Stealth
 - Level 5.0 Spellcasting
 * Level 7.2 Conjurations
 - Level 5.0 Fire Magic


You had 10 spell levels left.
You knew the following spells:

 Your Spells              Type           Power        Failure   Level  Hunger
a - Flame Tongue          Conj/Fire      ####.        1%          1    None
b - Throw Flame           Conj/Fire      ####..       1%          2    #......
c - Conjure Flame         Conj/Fire      ####....     3%          3    ##.....


Dungeon Overview and Level Annotations

Branches:
Dungeon (5/15)
 Temple: D:4-7

Altars:
Cheibriados
Elyvilon

Annotations:
D:5 Dowan, Sigmund


Innate Abilities, Weirdness & Mutations

You have a beak for a mouth.
You have claws for feet.
You can fly.


Message History

The adder is lightly wounded.
The adder barely misses you.
The ogre shouts!
You hit the adder but do no damage. Your kick misses the adder.
The adder is lightly wounded.
The adder bites you but does no damage.
You sock the adder! Your peck misses the adder.
The adder is heavily wounded.
The adder misses you. The adder closely misses you.
The ogre hits you with a giant club!!
Ouch! That really hurt!
* * * LOW HITPOINT WARNING * * *
You hit the adder.
The adder is almost dead.
The adder bites you but does no damage. The adder barely misses you.
The ogre barely misses you.
You closely miss the adder. You claw the adder.
You kill the adder!
The ogre hits you with a giant club!!
You die...

#<..### ##
#.#..%########...
#.###............ ..#
#####........ .###
#........ .#
#####.###.### ##
####.....# #
##........# #
#.@......## .
##O#.##..## #..... ..
########.....#.##
%..... ...
###.........##.#.#
.....o
...##......#....##.#)#
......
...!..##........##...#
..<...
...........#.#####>.##
......
....#........####...#
.....e
..............#.......
...e.%


You could see an ogre.

Vanquished Creatures
  A phantom (D:4)
  An ogre (D:4)
  Blork the orc (D:5)
  3 scorpions
  3 hounds (D:4)
  An orc priest (D:3)
  Natasha (twice) (D:3)
  An iguana (D:4)
  3 worker ants
  A hound skeleton (D:4)
  3 adders
  2 worms (D:4)
  5 dart slugs
  A giant gecko (D:4)
  16 orcs
  5 giant cockroaches
  10 goblins
  6 hobgoblins
  11 jackals
  2 quokkas (D:4)
  A ball python (D:3)
  A ball python skeleton (D:4)
  13 bats
  6 giant newts
  A jackal skeleton (D:4)
  6 kobolds
  5 rats
111 creatures vanquished.

Vanquished Creatures (others)
  A quokka (D:4)
1 creature vanquished.

Grand Total: 112 creatures vanquished

Notes
Turn   | Place    | Note
--------------------------------------------------------------
     0 | D:1      | Geppetto the Tengu Fire Elementalist began the quest for the Orb.
     0 | D:1      | Reached XP level 1. HP: 10/10 MP: 4/4
    94 | D:1      | Reached skill level 2 in Conjurations
   121 | D:1      | Reached XP level 2. HP: 13/16 MP: 4/6
   377 | D:1      | Reached skill level 1 in Fighting
   576 | D:1      | Reached XP level 3. HP: 21/21 MP: 4/7
   752 | D:2      | Reached skill level 3 in Conjurations
   973 | D:2      | Learned a level 2 spell: Throw Flame
  1516 | D:2      | Reached XP level 4. HP: 26/26 MP: 6/8
  2141 | D:3      | Noticed Natasha
  2146 | D:3      | Killed Natasha
  2245 | D:3      | Gained mutation: You can fly. [Tengu growth]
  2245 | D:3      | Reached XP level 5. HP: 10/30 MP: 6/11
  2772 | D:3      | Noticed Natasha
  2783 | D:3      | Killed Natasha
  3153 | D:3      | Reached XP level 6. HP: 35/35 MP: 12/14
  3273 | D:3      | Learned a level 3 spell: Conjure Flame
  3520 | D:4      | Reached skill level 5 in Spellcasting
  3551 | D:4      | Found a white marble altar of Elyvilon.
  3665 | D:4      | Got a ripped robe
  3676 | D:4      | Identified the cursed +1 robe "Wefuul" {Dex+3} (You found it on level 4 of the Dungeon)
  3916 | D:4      | Found a snail-covered altar of Cheibriados.
  4458 | D:4      | Reached skill level 5 in Fire Magic
  4458 | D:4      | Reached XP level 7. HP: 40/40 MP: 7/15
  4656 | D:4      | Got a glittering brass ring
  4661 | D:4      | Identified a ring of Hemunaqo {MR++ Str+3 Dex+4} (You found it on level 4 of the Dungeon)
  4727 | D:4      | Reached skill level 4 in Conjurations
  4916 | D:4      | Reached skill level 5 in Conjurations
  5047 | D:5      | Entered Level 5 of the Dungeon
  5074 | D:5      | Noticed Blork the orc
  5074 | D:5      | Noticed Dowan
  5183 | D:5      | Reached skill level 6 in Conjurations
  5188 | D:5      | Identified Sif Muna's Tome of the Birds and Clay
  5233 | D:5      | Noticed Sigmund
  5470 | D:5      | Killed Blork the orc
  5470 | D:5      | Reached skill level 7 in Conjurations
  5578 | D:5      | Mangled by an ogre

Skill      XL: |  1  2  3  4  5  6  7 |
---------------+----------------------+-----
Conjurations   | 2 3 7 |  7.2
Fighting       | 1 2 |  2.0
Spellcasting   | 3 4 5 |  5.0
Fire Magic     | 5 |  5.0
Dodging        | |  2.1
Stealth        | |  2.0

Action                   |  1- 3 |  4- 6 |  7- 9 || total
-------------------------+-------+-------+-------++-------
Melee: Spear             |    69 |     8 |       ||    77
       Kick              |     9 |     1 |     6 ||    16
       Peck              |     7 |     3 |     3 ||    13
       Whip              |       |     9 |    15 ||    24
       Quarterstaff      |       |       |     7 ||     7
 Cast: Flame Tongue      |    28 |    58 |    33 ||   119
       Throw Flame       |     9 |    55 |    20 ||    84
       Conjure Flame     |       |       |     1 ||     1
Evoke: Wand              |       |     2 |       ||     2
  Use: Scroll            |     5 |     5 |       ||    10
 Stab: Sleeping          |     1 |       |       ||     1
  Eat: Chunk             |     3 |    10 |     4 ||    17
Armor: Robe              |    10 |       |    18 ||    28
Dodge: Dodged            |    55 |    19 |    24 ||    98
